[Event "Late-Titled-Tuesday-Blitz-May-28-2024"]
[Site "Chess.com"]
[Date "2024.05.28"]
[Round "10"]
[White "Hikaru"]
[Black "hansen"]
[Result "1-0"]
[WhiteElo "3229"]
[BlackElo "3060"]
[TimeControl "180+1"]
[EndTime "15:53:54 PDT"]
[Termination "Hikaru won by resignation"]

1. e4 e5 2. Bc4 Nf6 3. d3 c6 4. Nf3 d5 5. Bb3 a5 6. a3 Bd6 7. Nc3 a4 8. Ba2 h6 9. O-O dxe4 10. dxe4 O-O 11. Nh4 Bg4 12. Qd3 Bc7 13. Qg3 Kh7 14. Be3 Nbd7 15. h3 Bh5 16. Nf5 Bg6 17. Qf3 Bb6 18. Rad1 Bxe3 19. Qxe3 Bxf5 20. exf5 Qb6 21.
Qxb6 Nxb6 22. Rfe1 Rae8 23. Ne4 Re7 24. f4 Nfd5 25.
fxe5 Rxe5 26. Ng5+ hxg5 27. Rxe5 Kh6 28. Rde1 Nf6 29.
Re7 Nbd5 30. Rxb7 1-0

[Event "Late-Titled-Tuesday-Blitz-May-28-2024"]
[Site "Chess.com"]
[Date "2024.05.28"]
[Round "10"]
[White "neilbhav"]
[Black "momotaro77"]
[Result "0-1"]
[WhiteElo "2400"]
[BlackElo "2519"]
[TimeControl "180+1"]
[EndTime "15:53:54 PDT"]
[Termination "momotaro77 won by resignation"]

1. d4 Nf6 2. c4 c5 3. d5 e6 4. Nc3 exd5 5. cxd5 d6 6. e4 g6 7. Nf3 Bg7 8. Bd3 O-O 9. O-O Bg4 10. h3 Bxf3 11. Qxf3 a6 12. a4 Nbd7 13. Qg3 Ne5 14. Bc2 Nh5 15. Qe3 Re8 16. Re1 f5 17. Bd2 f4 18. Qe2 f3 19. Qf1 fxg2 20.
Qxg2 Rf8 21. Bd1 Nf4 22. Bxf4 Rxf4 23. Re3 Qf6 24. Ne2 Rh4 25. Rc1 Bh6 26. f4 Bxf4 27.
Nxf4 Rxf4 28. Be2 Rf8 29. Rf1 Rxf1+ 30. Bxf1 Qf4 31. Rg3 Nf3+ 32. Kh1 Nh4 0-1

[Event "Late-Titled-Tuesday-Blitz-May-28-2024"]
[Site "Chess.com"]
[Date "2024.05.28"]
[Round "10"]
[White "Navyblue1"]
[Black "northridgehawk"]
[Result "0-1"]
[WhiteElo "2228"]
[BlackElo "2353"]
[TimeControl "180+1"]
[EndTime "15:53:57 PDT"]
[Termination "northridgehawk won on time"]

1. d4 Nf6 2. c4 g6 3. Nc3 d5 4. Nf3 Bg7 5. Qb3 dxc4 6. Qxc4 O-O 7. Bf4 c6 8. e4 Bg4 9. Be2 Nbd7 10. Qd3 Qa5 11.
O-O Bxf3 12. Bxf3 e5 13. dxe5 Nxe5 14. Bxe5 Qxe5 15. Rfe1 Rfd8 16. Qe3 Rd7 17. h3 a5 18. a4 Rad8 19. Re2 Rd4 20. Rae1 Nd7 21. Bg4 Nc5 22.
f4 Qe7 23. e5 Nd3 24. Rf1 Qb4 25. e6 f5 26. e7 Re8 27. Bf3 Nxf4 28. Ref2 Rd7 29.
Bd1 Bd4 30. Qxf4 Bxf2+ 31. Rxf2 Rexe7 32. Qxb4 axb4 33. Bb3+ Kg7 34. Nd1 Re1+ 35. Rf1 Re2 36. Rf2 Re4 37. Kf1 Red4 38. Ne3 h5 39. g3 Rd3 40.
Ng2 Rxb3 41. Nf4 Re7 42. Rd2 Rxg3 43. Kf2 Rge3 44. Ne2 Rxh3 45. Ng3 Rh2+ 0-1

[Event "Late-Titled-Tuesday-Blitz-May-28-2024"]
[Site "Chess.com"]
[Date "2024.05.28"]
[Round "10"]
[White "Smoking_Crow"]
[Black "Robert_Oros"]
[Result "1-0"]
[WhiteElo "2570"]
[BlackElo "2438"]
[TimeControl "180+1"]
[EndTime "15:53:58 PDT"]
[Termination "Smoking_Crow won on time"]

1. e4 e6 2. d4 d5 3. Nd2 Nf6 4. e5 Nfd7 5. Bd3 c5 6. c3 Nc6 7. Ne2 cxd4 8. cxd4 f6 9. exf6 Nxf6 10. O-O Bd6 11.
Nf3 Qc7 12. Bg5 O-O 13. Bh4 Nh5 14. Qc2 h6 15. Bh7+ Kh8 16. Bg6 Rxf3 17. Bxh5 Rf8 18. Bg3 Bxg3 19. hxg3 Qe7 20. Rad1 Qg5 21. Bf3 Bd7 22.
Nf4 Kg8 23. Rfe1 Qf6 24. Qd2 Rae8 25. b4 a6 26. a4 Ne7 27. Ra1 g5 28. Nh5 Qf7 29. g4 Nc8 30. Qd3 Nd6 31. Rec1 Rc8 32. Ng3 Rc4 33. Rxc4 Nxc4 34. b5 Ra8 35. bxa6 Rxa6 36.
Qb3 b6 37. Be2 Qe8 38. Bxc4 dxc4 39. Qxc4 Rxa4 40. Rxa4 Bxa4 41. Qc7 b5 42. Nh5 Qf7 43. Qd8+ Kh7 44. Qd6 Bb3 45. Qe5 Bc4 46. Qe4+ Qg6 47.
Qb7+ Kh8 48. Qb8+ Kh7 49. Qc7+ Kh8 50. Qd8+ Kh7 51. Qe7+ Kh8 52. Nf6 Bd5 53. Qf8+ 1-0

[Event "Late-Titled-Tuesday-Blitz-May-28-2024"]
[Site "Chess.com"]
[Date "2024.05.28"]
[Round "10"]
[White "DanielNaroditsky"]
[Black "ckgchess"]
[Result "1-0"]
[WhiteElo "3080"]
[BlackElo "2878"]
[TimeControl "180+1"]
[EndTime "15:53:59 PDT"]
[Termination "DanielNaroditsky won by resignation"]

1. e4 c5 2. c3 d5 3. exd5 Qxd5 4. d4 Nc6 5. Nf3 cxd4 6. cxd4 e5 7. Nc3 Bb4 8. Bd2 Bxc3 9. Bxc3 e4 10. Ne5 Nxe5 11.
dxe5 Ne7 12. Qa4+ Bd7 13. Qa3 Qe6 14. Rd1 O-O 15. Rd6 Qf5 16. Bc4 Be6 17. Rxe6 fxe6 18. Qxe7 Qxf2+ 19. Kd1 e3 20. Qxe6+ Kh8 21. Qg4 Rad8+ 22.
Kc1 Rf4 23. Qe2 Rc8 24. Bd3 Qxe2 25. Bxe2 Rf2 26. Re1 Rxg2 27. e6 Re8 28. Bf3 Rg6 29.
Bh5 Rgxe6 30. Bxe8 Rxe8 31. Bd4 e2 32. Kd2 Rd8 33. Kd3 1-0

[Event "Late-Titled-Tuesday-Blitz-May-28-2024"]
[Site "Chess.com"]
[Date "2024.05.28"]
[Round "10"]
[White "OIAM03"]
[Black "simaopdias"]
[Result "0-1"]
[WhiteElo "2035"]
[BlackElo "2245"]
[TimeControl "180+1"]
[EndTime "15:54:00 PDT"]
[Termination "simaopdias won on time"]

1. e4 c5 2. c3 g6 3. d4 cxd4 4. cxd4 d5 5. e5 Bg7 6. Nc3 Nh6 7. Nf3 O-O 8. Bd3 Nc6 9. h3 f6 10. exf6 exf6 11. O-O Be6 12. Re1 Qd7 13. Bf4 Bf5 14. Bxh6 Bxh6 15. Bxf5 Qxf5 16. Qb3 Rfd8 17. Qxb7 Na5 18. Qe7 Rab8 19. b3 Rbc8 20. Qxa7 Nc6 21. Qb6 Qd7 22. a4 Rb8 23. Qc5 Rxb3 24. a5 Bf8 25.
Qxd5+ Qxd5 26. Nxd5 Rxd5 27. a6 Na7 28. Re8 Kf7 29. Ra8 Rd7 30. d5 Bc5 0-1

[Event "Late-Titled-Tuesday-Blitz-May-28-2024"]
[Site "Chess.com"]
[Date "2024.05.28"]
[Round "10"]
[White "LUISMIGUELOV"]
[Black "katharinareinecke"]
[Result "1/2-1/2"]
[WhiteElo "2214"]
[BlackElo "1957"]
[TimeControl "180+1"]
[EndTime "15:54:05 PDT"]
[Termination "Game drawn by agreement"]

1. d4 d5 2. c3 Nf6 3. Bg5 e6 4. Nf3 Be7 5. Ne5 Nbd7 6. f4 Nxe5 7.
fxe5 Ne4 8. Bxe7 Qxe7 9. g3 O-O 10. Bg2 b6 11. Nd2 Nxd2 12. Qxd2 Ba6 13. e4 dxe4 14. Bxe4 Rac8 15. Bd3 Bxd3 16. Qxd3 c5 17. O-O cxd4 18. cxd4 Rfd8 19. Rac1 Rxc1 20. Rxc1 Qd7 21. Rc4 g6 22. Qc3 Qd5 23. Kf2 Kg7 24. b3 Qe4 25. Qf3 Qxf3+ 26. Kxf3 Rd7 27. h4 h5 28. Kf4 f6 29. exf6+ Kxf6 30. Ke4 Ke7 31. Rc6 Kf7 32. Ke5 Rd5+ 33.
Ke4 Rd7 34. a4 Ke7 35. Ke5 Rd5+ 36. Ke4 Rd7 37. a5 bxa5 38. Ra6 Rb7 39. Rxa5 Rxb3 40. Rxa7+ Kf6 41. Kf4 Rd3 42. Ra4 Rd1 43. Rb4 1/2-1/2

[Event "Late-Titled-Tuesday-Blitz-May-28-2024"]
[Site "Chess.com"]
[Date "2024.05.28"]
[Round "10"]
[White "Alphafischer2019"]
[Black "Love7Unicorn"]
[Result "1-0"]
[WhiteElo "2662"]
[BlackElo "2531"]
[TimeControl "180+1"]
[EndTime "15:54:06 PDT"]
[Termination "Alphafischer2019 won on time"]

1. Nf3 Nf6 2. g3 b5 3. Bg2 Bb7 4. O-O e6 5. d3 c5 6. e4 d6 7. a4 a6 8. b3 Be7 9. Bb2 O-O 10. Nbd2 Nc6 11. axb5 axb5 12. e5 Nxe5 13. Nxe5 Bxg2 14. Kxg2 dxe5 15. Bxe5 Qd5+ 16. Qf3 Rxa1 17. Bxa1 Ra8 18. Bc3 Qxf3+ 19. Nxf3 Nd5 20. Bd2 Ra2 21. Rc1 b4 22. Ne5 Bf6 23. Nc4 Bd4 24. Kf3 f5 25. Be3 Bxe3 26. fxe3 Kf7 27. e4 Nc3 28. exf5 exf5 29.
h3 Kf6 30. Ke3 g5 31. Nd6 h5 32. Kd2 Ke5 33. Nc4+ Kf6 34. Rf1 Ra6 35. Ne3 f4 36. gxf4 Re6 37. fxg5+ Kxg5 38. Rf5+ Kh4 39. Rxc5 Rf6 40.
d4 Rf2+ 41. Kd3 Rf3 42. Re5 Kxh3 43. d5 h4 44. d6 Kg3 45. d7 Rf8 46. Re8 1-0

[Event "Late-Titled-Tuesday-Blitz-May-28-2024"]
[Site "Chess.com"]
[Date "2024.05.28"]
[Round "10"]
[White "SHIVACalypso"]
[Black "RaugintaBulba"]
[Result "0-1"]
[WhiteElo "2530"]
[BlackElo "2456"]
[TimeControl "180+1"]
[EndTime "15:54:08 PDT"]
[Termination "RaugintaBulba won by resignation"]

1. e4 c5 2. b4 cxb4 3. a3 e6 4. Nf3 d5 5. e5 Nc6 6. axb4 Bxb4 7. c3 Be7 8. d4 Bd7 9. Bd3 b5 10. h4 a5 11. h5 h6 12. Na3 b4 13. Nb5 bxc3 14.
Nxc3 Bb4 15. Bd2 Nge7 16. Rh3 Nf5 17. Bxf5 exf5 18. Rg3 f4 19. Rxg7 Kf8 20. Nxd5 Kxg7 21. Bxb4 Nxb4 22. Nxf4 Bg4 23. Qb3 Rc8 24. Rd1 Nc2+ 25.
Kf1 Nxd4 26. Qe3 Nf5 27. Qe2 Qh4 28. e6 Qh1+ 0-1

[Event "Late-Titled-Tuesday-Blitz-May-28-2024"]
[Site "Chess.com"]
[Date "2024.05.28"]
[Round "10"]
[White "WilsonPalencia21"]
[Black "Caterpiller35"]
[Result "1-0"]
[WhiteElo "2579"]
[BlackElo "2458"]
[TimeControl "180+1"]
[EndTime "15:54:11 PDT"]
[Termination "WilsonPalencia21 won by resignation"]

1. d4 Nf6 2. c4 e6 3. Nf3 Bb4+ 4. Nbd2 d6 5. g3 O-O 6. Bg2 Nbd7 7. O-O c5 8. Nb3 cxd4 9. Nbxd4 a6 10. a3 Bc5 11.
b4 Ba7 12. Bb2 Ne5 13. Nxe5 dxe5 14. Nf3 e4 15. Ng5 e3 16. f4 h6 17. Qxd8 Rxd8 18. Bxf6 gxf6 19. Ne4 f5 20. Nc3 Rd2 21. c5 Rb8 22. Rfd1 Rc2 23. Rac1 Rxc1 24. Rxc1 Bd7 25.
Nd1 Bb5 26. Bf3 Rd8 27. Nxe3 Rd2 28. Rc2 Rd4 29. Bxb7 a5 30. Rb2 axb4 31. axb4 Bxe2 32. Rxe2 Rd8 33. Nc4 Rd4 34. Rc2 Kg7 35. Kf1 Kf6 36. c6 Bb8 37. b5 1-0

[Event "Late-Titled-Tuesday-Blitz-May-28-2024"]
[Site "Chess.com"]
[Date "2024.05.28"]
[Round "10"]
[White "ZachHKL"]
[Black "Flaccidmoves"]
[Result "1-0"]
[WhiteElo "2391"]
[BlackElo "2484"]
[TimeControl "180+1"]
[EndTime "15:54:12 PDT"]
[Termination "ZachHKL won by resignation"]

1. e4 e5 2. Nf3 Nc6 3. Nc3 Nf6 4. d4 exd4 5. Nxd4 Bb4 6. Nxc6 bxc6 7. Bd3 O-O 8. O-O d5 9. exd5 cxd5 10. Qf3 c6 11.
Bg5 Be7 12. h3 Rb8 13. b3 h6 14. Bxh6 Bg4 15. hxg4 gxh6 16. Ne2 Kh8 17. Qf4 Ng8 18. Qf5 Nf6 19. g5 Ne4 20. Bxe4 dxe4 21. gxh6 Qd5 22. Qxd5 cxd5 23. Rad1 Rfd8 24. Nc3 Rbc8 25. Nxd5 Bg5 26. c4 Kh7 27. Rfe1 f5 28. f3 exf3 29. gxf3 Kxh6 30. Re6+ Kg7 31. f4 Bxf4 32. Re7+ Kh6 33. Rxa7 Kg5 34. Rg7+ Kh6 35. Rg2 Bg5 36. Kf2 Bh4+ 37. Kf3 Rg8 38. Rh2 Rg4 39. Rdh1 Kg5 40. Rg2 Ra8 41. Rhg1 Rxa2 42.
Rxg4+ fxg4+ 43. Rxg4+ Kh5 44. Nf4+ 1-0

[Event "Late-Titled-Tuesday-Blitz-May-28-2024"]
[Site "Chess.com"]
[Date "2024.05.28"]
[Round "10"]
[White "atalz0"]
[Black "jcmesafischer"]
[Result "1-0"]
[WhiteElo "2490"]
[BlackElo "2364"]
[TimeControl "180+1"]
[EndTime "15:54:12 PDT"]
[Termination "atalz0 won by checkmate"]

1. d4 Nf6 2. c4 e6 3. Nc3 Bb4 4. Qc2 O-O 5. e4 d5 6. e5 Ne4 7.
Bd3 c5 8. Nf3 cxd4 9. Nxd4 Nd7 10. Bxe4 dxe4 11. Qxe4 Bxc3+ 12. bxc3 Qa5 13. O-O Qxe5 14.
Qh4 Nf6 15. Ba3 Rd8 16. Nb5 Bd7 17. Be7 Rdc8 18. Rfe1 Qf5 19. Nd6 Qg4 20. Bxf6 Qxh4 21.
Bxh4 Rc6 22. Bg3 f6 23. Nxb7 e5 24. Red1 Be6 25. Nd8 Ra6 26. Nxe6 Rxe6 27. Rd5 Rc8 28. c5 Rec6 29. f4 exf4 30. Bxf4 Rxc5 31. Rxc5 Rxc5 32.
Rc1 Kf7 33. Be3 Rc4 34. Kf2 Ke6 35. Ke2 Ra4 36. Rc2 Kd5 37. Kd3 f5 38. c4+ Ke6 39. c5 Kd7 40. c6+ Kc8 41. Bd4 g6 42. g3 Ra5 43. Kc4 Ra4+ 44. Kd5 Ra5+ 45. Bc5 Ra4 46. Re2 Re4 47. Rxe4 fxe4 48. Kxe4 Kc7 49. Kd5 h5 50. Bxa7 g5 51. Be3 g4 52. Bf4+ Kc8 53. a4 Kd8 54. a5 Kc8 55. a6 h4 56. a7 hxg3 57. a8=Q# 1-0

[Event "Late-Titled-Tuesday-Blitz-May-28-2024"]
[Site "Chess.com"]
[Date "2024.05.28"]
[Round "10"]
[White "GoltsevDmitry2000"]
[Black "Connectedcloud"]
[Result "1-0"]
[WhiteElo "2701"]
[BlackElo "2247"]
[TimeControl "180+1"]
[EndTime "15:54:14 PDT"]
[Termination "GoltsevDmitry2000 won by resignation"]

1. e4 c5 2. Nf3 d6 3. d4 cxd4 4.
Nxd4 Nf6 5. Nc3 a6 6. Be2 e5 7. Nf5 d5 8. Bg5 d4 9. Bxf6 gxf6 10. Nb1 Nc6 11. Nd2 Bxf5 12. exf5 Qd7 13. Bd3 Rg8 14.
Ne4 Be7 15. Qh5 Nb4 16. Bc4 Rf8 17. O-O-O Rc8 18. Bb3 Qc6 19. Rhe1 Nxc2 20. Kb1 Nxe1 21.
Rxe1 d3 22. f4 Bb4 23. Nxf6+ Qxf6 24. Rxe5+ Be7 25. a3 d2 26. Qf3 Rc6 27. Ka2 Qd6 28. Rd5 Qc7 29. Rxd2 Bf6 30. Qd5 Rc5 31. Re2+ Be7 32.
Qd4 f6 33. Be6 Rc6 34. Qd1 Rd6 35. Qf1 b5 36. Qf3 Rxe6 37. Rxe6 Rf7 38. Qa8+ Qd8 39. Qc6+ Kf8 40. g4 a5 41. Qxb5 a4 42. Qxa4 Qd5+ 43. Qb3 Qxb3+ 44. Kxb3 Rg7 45. h3 h5 46. g5 fxg5 47.
f6 Rf7 48. fxe7+ Rxe7 49. Rxe7 Kxe7 50. fxg5 Kf7 51. h4 Kg6 52. a4 1-0

[Event "Late-Titled-Tuesday-Blitz-May-28-2024"]
[Site "Chess.com"]
[Date "2024.05.28"]
[Round "10"]
[White "BAS8892"]
[Black "Slovineanu"]
[Result "0-1"]
[WhiteElo "2713"]
[BlackElo "2572"]
[TimeControl "180+1"]
[EndTime "15:54:15 PDT"]
[Termination "Slovineanu won by resignation"]

1. e4 c6 2. Nf3 d5 3. Nc3 dxe4 4.
Nxe4 Nf6 5. Nxf6+ exf6 6. Bc4 Bd6 7. Qe2+ Qe7 8. Qxe7+ Kxe7 9. O-O Re8 10. d4 a5 11. h3 b5 12. Bd3 Be6 13. a4 b4 14. c4 bxc3 15. bxc3 Nd7 16. Nd2 Nb6 17.
Ne4 Bc4 18. Rd1 Bxd3 19. Rxd3 Nc4 20. Nd2 Nxd2 21. Bxd2 Rab8 22. c4 Bb4 23. Bf4 Rb7 24.
c5 Kd7 25. d5 Re1+ 26. Rxe1 Bxe1 27. d6 Rb1 28. Be3 Bb4+ 29. Kh2 Rb2 30. Bd4 Rc2 31. Re3 Bxc5 32. Re7+ Kxd6 33. Bxc5+ Kxc5 34. f4 Kb4 35. Rxf7 c5 36. Rxg7 c4 37. Rxh7 c3 38. Rc7 Rd2 39. h4 Rd4 40. h5 Rxf4 41. Kg3 Rc4 42. Rxc4+ Kxc4 43. h6 c2 44. h7 c1=Q 45. h8=Q Qg5+ 46.
Kh3 Qf5+ 47. Kh2 Qe5+ 48. Kh3 Kb4 49. Qh4+ Kb3 50. Qg4 f5 51. Qd1+ Kb4 52. g3 Qe4 53. Kh2 Ka3 54. Qa1+ Kb3 55. Qd1+ Qc2+ 56. Qxc2+ Kxc2 57. Kg2 Kb3 58. Kf3 Kxa4 59. Kf4 Kb5 60. Kxf5 a4 61. g4 a3 62. g5 a2 63. g6 a1=Q 64. Kg5 Qg7 0-1

[Event "Late-Titled-Tuesday-Blitz-May-28-2024"]
[Site "Chess.com"]
[Date "2024.05.28"]
[Round "10"]
[White "rhwr"]
[Black "ExchangeAB"]
[Result "0-1"]
[WhiteElo "2342"]
[BlackElo "2477"]
[TimeControl "180+1"]
[EndTime "15:54:15 PDT"]
[Termination "ExchangeAB won on time"]

1. e4 c6 2. d4 d5 3. e5 Bf5 4.
h4 h5 5. Bg5 Qa5+ 6. Nd2 e6 7.
Ne2 Nd7 8. Ng3 Bg6 9. Bd3 Bxd3 10. cxd3 c5 11. O-O cxd4 12. Nb3 Qb6 13. Re1 g6 14.
Rc1 Bg7 15. Qc2 Ne7 16. f4 Nc6 17. a4 O-O 18. a5 Qb5 19. Ne2 Nb4 20. Qd2 Nxd3 21.
Nexd4 Qa6 22. Be7 Rfe8 23. Bd6 Nxe1 24. Qxe1 Rec8 25. Rd1 Bf8 26. Bxf8 Kxf8 27. Qg3 Nc5 28. f5 Ne4 29. Qe3 exf5 30. Qh6+ Ke7 0-1

[Event "Late-Titled-Tuesday-Blitz-May-28-2024"]
[Site "Chess.com"]
[Date "2024.05.28"]
[Round "10"]
[White "DeTimmerman"]
[Black "ATM622"]
[Result "1-0"]
[WhiteElo "2747"]
[BlackElo "2580"]
[TimeControl "180+1"]
[EndTime "15:54:16 PDT"]
[Termination "DeTimmerman won by resignation"]

1. b4 d5 2. Bb2 Nf6 3. b5 Nbd7 4. Nf3 e6 5. e3 c5 6. c4 Be7 7. Be2 O-O 8. a4 a5 9. O-O b6 10. d4 Bb7 11. Nbd2 Rc8 12. Rc1 Ne4 13. Nxe4 dxe4 14.
Nd2 cxd4 15. Bxd4 Bc5 16. Nb3 Bxd4 17. Qxd4 Nc5 18. Nxc5 Rxc5 19. Rfd1 Qc7 20. Qd6 Rc8 21. Qxc7 R5xc7 22. Rd6 h6 23. Rcd1 Rxc4 24. Bxc4 Rxc4 25.
Rxb6 Bd5 26. Ra6 Rxa4 27. Rb1 Bc4 28. Ra8+ Kh7 29. b6 Bd5 30. Ra7 Kg6 31. b7 Bxb7 32. Raxb7 Ra2 33. R7b2 Ra4 34. h4 h5 35. Rd2 Ra3 36.
Rdd1 Rc3 37. Ra1 Rc5 38. Rd4 f5 39. Rda4 Kf6 40. Rxa5 Rc8 41. g3 g6 42. Ra8 Rc7 43.
Kg2 Rd7 44. R1a7 Rd6 45. Rf8+ Ke5 46. Rg7 1-0

[Event "Late-Titled-Tuesday-Blitz-May-28-2024"]
[Site "Chess.com"]
[Date "2024.05.28"]
[Round "10"]
[White "AryanTari"]
[Black "KorolDimitriy75"]
[Result "1-0"]
[WhiteElo "3008"]
[BlackElo "2466"]
[TimeControl "180+1"]
[EndTime "15:54:18 PDT"]
[Termination "AryanTari won on time"]

1. d4 Nf6 2. Nf3 g6 3. Nbd2 c5 4. dxc5 Na6 5. e4 Nxc5 6. e5 Nd5 7. Ne4 Nxe4 8. Qxd5 f5 9. Bb5 Bg7 10. Ng5 Nxg5 11. Bxg5 a6 12. Ba4 Qb6 13. O-O-O h6 14. Bxd7+ Kf8 15. Be3 Qc7 16. e6 Qe5 17. Qxe5 Bxe5 18.
Bc5 Bf6 19. b4 b5 20. Bc6 Rb8 21. Ba7 Be5 22. Bxb8 Bxb8 23. Rd8+ Kg7 24. Rhd1 Bd6 25. R1xd6 1-0

[Event "Late-Titled-Tuesday-Blitz-May-28-2024"]
[Site "Chess.com"]
[Date "2024.05.28"]
[Round "10"]
[White "KNVB"]
[Black "Oleksandr_Bortnyk"]
[Result "0-1"]
[WhiteElo "2787"]
[BlackElo "3025"]
[TimeControl "180+1"]
[EndTime "15:54:19 PDT"]
[Termination "Oleksandr_Bortnyk won on time"]

1. e4 Nf6 2. Nc3 d5 3. Nf3 dxe4 4. Ng5 Bf5 5. Qe2 Nc6 6. Ngxe4 Nd4 7. Qd3 e5 8. f3 Bb4 9. Nxf6+ Qxf6 10. Ne4 Qh4+ 11. Kd1 O-O-O 12. c3 Nxf3 13. Nd6+ Kb8 14. Qxf5 Qe1+ 15.
Kc2 Nd4+ 16. cxd4 Rxd6 17. d5 Rhd8 18. a3 Bxd2 19. Bxd2 Qxa1 20. Bd3 Qxh1 21. Qxf7 Qxg2 0-1

[Event "Late-Titled-Tuesday-Blitz-May-28-2024"]
[Site "Chess.com"]
[Date "2024.05.28"]
[Round "10"]
[White "Chaubunagungamaug1"]
[Black "brunoo2003"]
[Result "0-1"]
[WhiteElo "2469"]
[BlackElo "2593"]
[TimeControl "180+1"]
[EndTime "15:54:22 PDT"]
[Termination "brunoo2003 won by resignation"]

1. e4 c5 2. Nf3 Nc6 3. d4 cxd4 4. Nxd4 e5 5. Nb5 a6 6. Nd6+ Bxd6 7. Qxd6 Qf6 8.
Qxf6 Nxf6 9. Nc3 Nb4 10. Bd3 d6 11. Bg5 Nxd3+ 12. cxd3 Be6 13. Bxf6 gxf6 14. O-O b5 15. b4 Rc8 16. Rac1 Kd7 17. f4 exf4 18. Rxf4 Rc7 19. Rf2 Rhc8 20. Rfc2 a5 21. bxa5 b4 22. Nd5 Rxc2 23. Nb6+ Kd8 24. Rb1 Rc1+ 25. Rxc1 Rxc1+ 26. Kf2 Rc2+ 27. Kg3 Rxa2 0-1

[Event "Late-Titled-Tuesday-Blitz-May-28-2024"]
[Site "Chess.com"]
[Date "2024.05.28"]
[Round "10"]
[White "MatthewG-p4p"]
[Black "ozates"]
[Result "1-0"]
[WhiteElo "2840"]
[BlackElo "2623"]
[TimeControl "180+1"]
[EndTime "15:54:23 PDT"]
[Termination "MatthewG-p4p won on time"]

1. e4 c5 2. c3 d5 3. exd5 Nf6 4.
Qa4+ Nbd7 5. Qb3 g6 6. Nf3 Bg7 7.
Be2 O-O 8. O-O Nb6 9. c4 e6 10. dxe6 Bxe6 11. Nc3 Re8 12. d3 h6 13. a4 Bf5 14. a5 Nc8 15. Qxb7 Nd6 16. Qb3 Rb8 17. Qa3 Ng4 18. Re1 Bxd3 19. Bxd3 Rxe1+ 20. Nxe1 Qh4 21. Qxc5 Qxh2+ 22. Kf1 Re8 23. Be3 Rxe3 24. fxe3 Bxc3 25. bxc3 Qg3 26. Ra2 Nxe3+ 27. Ke2 Ng4 28. Rb2 Kh7 29. Qd4 Nf5 30. Bxf5 gxf5 31. Rb7 Kg6 32.
Rxa7 Ne5 33. Ra6+ f6 34. Ra8 1-0

[Event "Late-Titled-Tuesday-Blitz-May-28-2024"]
[Site "Chess.com"]
[Date "2024.05.28"]
[Round "10"]
[White "Felix-Rose"]
[Black "dealshark"]
[Result "0-1"]
[WhiteElo "2298"]
[BlackElo "2429"]
[TimeControl "180+1"]
[EndTime "15:54:25 PDT"]
[Termination "dealshark won on time"]

1. e4 c6 2. d4 d5 3. e5 c5 4. dxc5 e6 5. a3 Bxc5 6. Nf3 Nc6 7. b4 Bb6 8. Bb2 Nge7 9. Bd3 Ng6 10. O-O O-O 11. Re1 f6 12. exf6 gxf6 13. c4 Nf4 14. Bf1 dxc4 15. Qxd8 Rxd8 16. Bxc4 Kg7 17. Nbd2 e5 18.
Ne4 Bf5 19. b5 Na5 20. Bf1 Nd3 21. Bxd3 Rxd3 22. Ng3 Bg6 23. Rac1 Rad8 24. Bc3 Nb3 25. Rc2 Rxf3 26. gxf3 Bxc2 27. f4 Bd4 28. Bb4 Re8 29.
fxe5 Rxe5 30. Rxe5 fxe5 31. Kg2 Bd3 32. Bd6 Bxb5 33.
Nf5+ Kf6 34. Nxd4 exd4 35. Kf3 Bc6+ 36. Ke2 Be4 37. f3 Bf5 38. a4 Ke6 39. Bb8 a6 40.
Ba7 Kd5 0-1

[Event "Late-Titled-Tuesday-Blitz-May-28-2024"]
[Site "Chess.com"]
[Date "2024.05.28"]
[Round "10"]
[White "Magicmaster17"]
[Black "Statham_01"]
[Result "1-0"]
[WhiteElo "2876"]
[BlackElo "2698"]
[TimeControl "180+1"]
[EndTime "15:54:28 PDT"]
[Termination "Magicmaster17 won on time"]

1. d4 d5 2. Nf3 Nf6 3. c4 e6 4. cxd5 exd5 5. Nc3 c6 6. Bf4 Bd6 7. Bxd6 Qxd6 8. e3 Bf5 9. Nh4 Bg4 10. Qb3 Nbd7 11. h3 Be6 12. Bd3 O-O 13. O-O Rab8 14.
f4 c5 15. Qa3 g6 16. f5 Bxf5 17. Bxf5 gxf5 18. Nxf5 Qe6 19. dxc5 Kh8 20. Nb5 Rg8 21. Nbd6 Ne5 22. Qc3 Rbf8 23. Nh6 Rg6 24. Qxe5 Rxh6 25. Rf5 Rg6 26. Raf1 Qxe5 27. Rxe5 Kg7 28. Ref5 b6 29. c6 Ne4 30. Rxf7+ Rxf7 31. Rxf7+ Kh6 32. Nf5+ Kg5 33. c7 Rc6 34. Rf8 Rxc7 35. Nd4 Rc1+ 36. Rf1 h5 37. Rxc1 1-0

[Event "Late-Titled-Tuesday-Blitz-May-28-2024"]
[Site "Chess.com"]
[Date "2024.05.28"]
[Round "10"]
[White "jcibarra"]
[Black "JonasGallasch"]
[Result "1-0"]
[WhiteElo "2888"]
[BlackElo "2494"]
[TimeControl "180+1"]
[EndTime "15:54:29 PDT"]
[Termination "jcibarra won by checkmate"]

1. e4 c6 2. Nf3 d5 3. d3 dxe4 4. dxe4 Qxd1+ 5. Kxd1 Nf6 6. Bd2 Nxe4 7. Be3 Nd7 8. c3 Ndf6 9. h3 Nd5 10. Bd4 f6 11.
Bd3 Nd6 12. Re1 Bf5 13. Bf1 e5 14. Nbd2 Be7 15. Bc5 b6 16. Ba3 Nf4 17. Nxe5 fxe5 18. Rxe5 c5 19. b4 Ng6 20. Re3 cxb4 21. Bxb4 Rd8 22. g4 Bc8 23. Bd3 Bb7 24. Kc2 Kf7 25. Rae1 Rhe8 26. Nc4 Nc8 27. Bxg6+ hxg6 28. Ne5+ Kf6 29.
g5+ Kf5 30. Nf7 Rd7 31. Ne5 Rc7 32. Nd3 Bxb4 33. Re5+ Rxe5 34. Rxe5# 1-0

[Event "Late-Titled-Tuesday-Blitz-May-28-2024"]
[Site "Chess.com"]
[Date "2024.05.28"]
[Round "10"]
[White "Juliana_Figueira"]
[Black "Arteler"]
[Result "0-1"]
[WhiteElo "1947"]
[BlackElo "2206"]
[TimeControl "180+1"]
[EndTime "15:54:31 PDT"]
[Termination "Arteler won on time"]

1. d4 d5 2. c4 c6 3. Nf3 Nf6 4. Qc2 e6 5. e3 Nbd7 6. Bd3 Be7 7. O-O O-O 8. Nbd2 h6 9. e4 dxe4 10.
Nxe4 Nxe4 11. Bxe4 Nf6 12. Bd3 b6 13. Be3 Bb7 14.
Rfd1 Qc7 15. Ne5 c5 16. Bf4 Bd6 17. Qc3 Nh5 18. dxc5 Qxc5 19. Nd7 Qc6 20. Bf1 Nxf4 21. Nxf8 Ne2+ 22. Kh1 Nxc3 23. bxc3 Rxf8 24. Rd2 Bf4 25.
Rd3 Rc8 26. Rad1 Kh7 27. Rd7 Rc7 28. f3 Rxd7 0-1

[Event "Late-Titled-Tuesday-Blitz-May-28-2024"]
[Site "Chess.com"]
[Date "2024.05.28"]
[Round "10"]
[White "subham777"]
[Black "Dexter_Dyke"]
[Result "1-0"]
[WhiteElo "2565"]
[BlackElo "2442"]
[TimeControl "180+1"]
[EndTime "15:54:33 PDT"]
[Termination "subham777 won by resignation"]

1. e4 e6 2. Nf3 a6 3. d4 b5 4. a4 b4 5. Bd3 Bb7 6. Qe2 c5 7. O-O cxd4 8. Nxd4 Qc7 9. Be3 Nf6 10.
Nd2 Nc6 11. Nxc6 Qxc6 12. Nb3 Qc7 13. f4 d5 14. e5 Ne4 15. Bxe4 dxe4 16. f5 Qxe5 17. Bd4 Qd5 18. fxe6 Qxe6 19. Rad1 Rc8 20. Qf2 f6 21. Qg3 Bd6 22. Qxg7 Rg8 23. Qxb7 Qh3 24.
Qxe4+ Kd7 25. Qf5+ Qxf5 26. Rxf5 Rxc2 27. Bf2 Ke6 28.
Nd4+ Kf7 29. Nxc2 Rxg2+ 30. Kxg2 Bxh2 31. Kxh2 h5 32. Kh1 h4 33. Ra5 h3 34. Rxa6 h2 35. Rxf6+ Kxf6 36. Nxb4 Kf5 37. a5 Kf4 38. a6 Kf3 39. a7 Ke2 40. Rc1 Kd2 41. Rc3 Ke2 42. a8=Q Kf1 43. Qg2+ Ke2 44. Be3+ 1-0

[Event "Late-Titled-Tuesday-Blitz-May-28-2024"]
[Site "Chess.com"]
[Date "2024.05.28"]
[Round "10"]
[White "DonMicheleCorleone"]
[Black "Karttunen"]
[Result "0-1"]
[WhiteElo "2516"]
[BlackElo "2676"]
[TimeControl "180+1"]
[EndTime "15:54:34 PDT"]
[Termination "Karttunen won by resignation"]

1. e4 c6 2. Nc3 d5 3. Nf3 Bg4 4.
h3 Bxf3 5. Qxf3 e6 6. g3 Nd7 7. Bg2 Ngf6 8. O-O Bb4 9. d3 O-O 10. Qe2 Bxc3 11. bxc3 dxe4 12. dxe4 e5 13. c4 Nc5 14. Bb2 Re8 15. Qe3 Na4 16. Ba3 Qa5 17.
Rab1 Nb6 18. Qb3 Nxc4 19. Qxc4 Qxa3 20. Rxb7 Re6 21. h4 Rf8 22. Rd1 Rd6 23. Rd3 Qc1+ 24. Bf1 Re6 25. Rxa7 Qe1 26. Re3 Qa1 27. Qc3 Qd1 28.
Rd3 Qg4 29. f3 Qxg3+ 30. Bg2 Nh5 31. Qd2 Nf4 32. Kf1 Nxd3 33. cxd3 Qxh4 34. Ke2 Rg6 35. Bf1 Qh2+ 36. Ke3 Qg1+ 0-1